 Dungeon Crawl Stone Soup version 0.30-a0-964-gd452b5e7fa (webtiles) character file.

Game seed: 8007415804604668134

34 vishdafish the Conjurer (level 3, -1/24 HPs)
             Began as a Demonspawn Conjurer on Mar 30, 2023.
             Slain by Sigmund
             ... wielding a +0 scythe
              (8 damage)
             ... on level 2 of the Dungeon.
             The game lasted 00:01:27 (1397 turns).

vishdafish the Conjurer (Demonspawn Conjurer)       Turns: 1397, Time: 00:01:28

Health: -1/24      AC:  4    Str:  7    XL:     3   Next: 14%
Magic:  1/7        EV: 12    Int: 21    God:
Gold:   89         SH:  0    Dex: 11    Spells: 6/7 levels left

rFire   . . .      SeeInvis .    h - +0 short sword (venom)
rCold   + . .      Faith    .    (no shield)
rNeg    . . .      Spirit   .    a - +0 robe
rPois   +          Reflect  .    (no helmet)
rElec   .          Rampage  .    (no cloak)
rCorr   .                        (no gloves)
Will    .....                    (no boots)
Stlth   ++                       (no amulet)
HPRegen 0.24/turn                j - ring of protection from cold
MPRegen 0.10/turn                (no ring)

@: hasted, very quick
A: sharp scales 1, deterioration 1, poison resistance, shaggy fur 1, wild magic
1
a: no special abilities


You were on level 2 of the Dungeon.
You visited 1 branch of the dungeon, and saw 2 of its levels.

You collected 89 gold pieces.

Inventory:

Hand Weapons
 h - a +0 short sword of venom (weapon)
Armour
 a - a +0 robe (worn)
Jewellery
 j - a ring of protection from cold (left hand)
Scrolls
 c - 2 scrolls of poison {unknown}
 d - a scroll of blinking {unknown}
 e - a scroll of identify {unknown}
 f - a scroll of noise {unknown}
 i - a scroll of magic mapping {unknown}
 k - a scroll of vulnerability {unknown}
Potions
 b - a potion of magic


   Skills:
 - Level 1.7 Dodging
 - Level 1.7 Stealth
 + Level 2.8 Spellcasting
 + Level 4.5 Conjurations


You had 6 spell levels left.
You knew the following spells:

 Your Spells              Type           Power      Damage    Failure   Level
a - Magic Dart            Conj           100%       1d8       3%          1

Your spell library contained the following spells:

 Spells                   Type           Power      Damage    Failure   Level
 Searing Ray              Conj           56%        2d6       5%          2
 Dazzling Flash           Conj/Hex       32%        N/A       22%         3
 Ozocubu's Armour         Ice            3%         N/A       47%         3
 Fulminant Prism          Conj/Hex       8%         3d7       56%         4
 Iskenderun's Mystic Bla  Conj/Tloc      16%        2d5       56%         4
 Ozocubu's Refrigeration  Ice            1%         4d7       100%        7


Dungeon Overview and Level Annotations

Branches:
Dungeon (2/15)

Altars:

Annotations:
D:2 Sigmund


Innate Abilities, Weirdness & Mutations

You are partially covered in razor-sharp scales. (AC +1, Slay +1)
Your body sometimes deteriorates upon taking damage.
Your system is resistant to poisons. (rPois)
You are covered in fur. (AC +1)
Your spells are a little harder to cast, but a little more powerful.


Message History

You pick up Ozocubu's Autobiography and begin reading...
You add the spells Ozocubu's Armour and Ozocubu's Refrigeration to your library.
You see here a bat corpse.
Sigmund the Dreaded comes into view.
He is wielding a +0 scythe, wearing a +1 robe of the Archmagi and carrying a wand of light (9).
Sigmund is nearby!
Sigmund is nearby!
The magic dart hits Sigmund.
Sigmund is lightly wounded.
Sigmund zaps a wand.
The bolt of light misses you.
The magic dart hits Sigmund.
Sigmund is moderately wounded.
The magic dart hits Sigmund.
Sigmund is heavily wounded.
Sigmund gestures at you while chanting. The magic dart hits you.
The magic dart hits Sigmund but does no damage.
Sigmund is heavily wounded.
The magic dart hits Sigmund.
Sigmund is heavily wounded.
Sigmund hits you from afar with a +0 scythe.
The magic dart hits Sigmund but does no damage.
Sigmund is heavily wounded.
The magic dart hits Sigmund.
Sigmund is severely wounded.
Sigmund misses you.
You are out of magic!
You are out of magic!
Sigmund casts a spell.
Sigmund flickers and vanishes!
Deactivating autopickup; reactivate with Ctrl-A.
You miss something. Something hits you!
* * * LOW HITPOINT WARNING * * *
It was a potion of mutation.
You feel extremely strange.
You feel less in control of your magic.
You feel resistant to poisons.
You feel yourself wasting away. Fur sprouts all over your body.
It was a potion of haste.
You feel yourself speed up. Something completely misses you.
You miss something. You hit something but do no damage. Something hits you!
You die...

#........#########
###.######.......#
#.######.#####.#
#.........####
#########.....#
#†......#...#.#
#.#####.#...#.#
#....#......#.#
#..#@#..#.#.#.#
#..#{#..#.#.#.#
#..#.#........#
...#..>...)....
###.########.#.#
... .#.# ### ##


There were no monsters in sight!

Vanquished Creatures
  A dart slug (D:1)
  An endoplasm (D:1)
  2 giant cockroaches (D:1)
  3 hobgoblins (D:1)
  3 jackals (D:1)
  2 quokkas (D:1)
  2 ball pythons (D:1)
  5 bats
  4 frilled lizards
  A goblin (D:2)
  6 kobolds (D:1)
  A rat (D:1)
31 creatures vanquished.

Notes
Turn   | Place    | Note
-------+----------+-------------------------------------------
     0 | D:1      | vishdafish the Demonspawn Conjurer began the quest for the
                  | Orb.
     0 | D:1      | Reached XP level 1. HP: 13/13 MP: 3/3
   380 | D:1      | Gained mutation: You are partially covered in razor-sharp
                  | scales. (AC +1, Slay +1) [demonic ancestry]
   380 | D:1      | Reached XP level 2. HP: 19/19 MP: 1/5
  1121 | D:1      | Reached XP level 3. HP: 24/24 MP: 5/7
  1384 | D:2      | Noticed Sigmund
  1394 | D:2      | Gained mutation: Your spells are a little harder to cast,
                  | but a little more powerful. [potion of mutation]
  1394 | D:2      | Gained mutation: Your system is resistant to poisons.
                  | (rPois) [potion of mutation]
  1394 | D:2      | Gained mutation: Your body sometimes deteriorates upon
                  | taking damage. [potion of mutation]
  1394 | D:2      | Gained mutation: You are covered in fur. (AC +1) [potion of
                  | mutation]
  1397 | D:2      | Slain by Sigmund

Illustrated notes

Levels and vault maps discovered:
D:1:      nicolae_arrival_memento_mori, layout_loops_ring,
          minmay_misc_feat_more_columns
D:2:      layout_basic, basic_ecumenical_altar, basic_altar, uniq_sigmund

Action                     || total
---------------------------++-------
  Melee: Unarmed           ||    43
         Punch             ||     2
         Short sword       ||     3
   Cast: Magic Dart        ||    62
    Use: Potion            ||     2
 Armour: Robe              ||    13
  Dodge: Dodged            ||    45

Table legend: (Time is in decaauts)
 A = Elapsed time spent in this place.
 B = Non-inter-level travel time spent in this place.
 C = Inter-level travel time spent in this place.
 D = Time resting spent in this place.
 E = Time spent auto-exploring this place.
 F = Levels seen in this place.
 G = Mean time per level.
                   A        B        C        D        E       F      G
               +--------+--------+--------+--------+--------+-----+--------+
         Total |   1395 |   1361 |     34 |      0 |   1184 |   2 |  697.5 |
       Dungeon |   1395 |   1361 |     34 |      0 |   1184 |   2 |  697.5 |
               +--------+--------+--------+--------+--------+-----+--------+

Top non-repeatable levels by time:
     D:1: 1292 daAuts
     D:2: 103 daAuts
